 Dungeon Crawl Stone Soup version 0.19.4-8-ga85b6b9 (webtiles) character file.

110 kwel01 the Gusty (level 4, 0/24 HPs)
             Began as a Tengu Air Elementalist on Feb 11, 2017.
             Slain by an adder (1 damage)
             ... on level 3 of the Dungeon.
             The game lasted 00:10:42 (2773 turns).

kwel01 the Gusty (Tengu Air Elementalist)           Turns: 2773, Time: 00:10:43

Health: 0/24       AC:  4    Str: 10    XL:     4   Next: 91%
Magic:  2/8        EV: 10    Int: 15    God:
Gold:   57         SH:  0    Dex: 14    Spells: 2 memorised, 4 levels left

rFire  . . .     SeeInvis .     n - +0 spear
rCold  . . .     Gourm    .     a - +0 robe
rNeg   . . .     Faith    .     (no shield)
rPois  .         Spirit   .     (helmet restricted)
rElec  .         Reflect  .     l - +0 cloak (curse)
rCorr  .         Harm     .     e - +0 pair of gloves
MR     .....                    (boots unavailable)
Stlth  ++........               (no amulet)
                                (no ring)
                                (no ring)

@: lethally poisoned (0 -> -7), constricted
A: beak, talons 3
a: no special abilities


You were on level 3 of the Dungeon.
You were not hungry.

You visited 1 branch of the dungeon, and saw 3 of its levels.

You collected 57 gold pieces.

Inventory:

Hand Weapons
 n - a +0 spear (weapon)
Armour
 a - a +0 robe (worn)
 e - a +0 pair of gloves (worn)
 l - a cursed +0 cloak (worn)
Wands
 p - a wand of slowing (24/48)
Scrolls
 d - a scroll of fear {unknown}
 g - 2 scrolls of teleportation {unknown}
 h - a scroll of identify {unknown}
 i - 2 scrolls of remove curse {unknown}
Potions
 f - 2 potions of heal wounds {unknown}
 k - a potion of haste {unknown}
 m - a potion of berserk rage {unknown}
 o - a potion of curing {unknown}
 r - a potion of magic {unknown}
Books
 b - a book of Air

   Spells                             Type                      Level
   a - Shock                          Conjuration/Air              1
   b - Swiftness                      Charms/Air                   2
   c - Repel Missiles                 Charms/Air                   2
   d - Static Discharge               Conjuration/Air              3
   e - Lightning Bolt                 Conjuration/Air              5
Comestibles
 c - 2 bread rations


   Skills:
 + Level 0.4 Fighting
 + Level 1.0 Polearms
 + Level 2.6 Dodging
 + Level 2.4 Stealth
 + Level 2.5 Spellcasting
 + Level 2.5 Conjurations
 + Level 5.3 Air Magic


You had 4 spell levels left.
You knew the following spells:

 Your Spells              Type           Power        Failure   Level  Hunger
a - Shock                 Conj/Air       ##..         4%          1    #......
b - Static Discharge      Conj/Air       ##......     14%         3    ###....


Dungeon Overview and Level Annotations

Branches:
Dungeon (3/15)

Altars:


Innate Abilities, Weirdness & Mutations

You have a beak for a mouth.
You have claws for feet.


Message History

The adder is heavily wounded.
You feel sick. The ball python closely misses you.
The ball python constricts you. The adder bites you.
* * * LOW HITPOINT WARNING * * *
You barely miss the adder.
The adder is heavily wounded.
The ball python bites you.
* * * LOW HITPOINT WARNING * * *
The ball python constricts you. The adder barely misses you.
The ball python bites you but does no damage.
The ball python constricts you.
You closely miss the adder. Your peck misses the adder.
The adder is heavily wounded.
* * * LOW HITPOINT WARNING * * *
You feel sick. The adder bites you.
* * * LOW HITPOINT WARNING * * *
You are more poisoned.
The adder poisons you! The ball python closely misses you.
The ball python constricts you. The adder bites you.
You die...

#.....#
#.....#
##.....#
?.....#
......#
#.....#
#SS...#
#@....#
#.?...#
#######


You could see an adder and a ball python.

Vanquished Creatures
  Terence (D:2)
  An adder (D:3)
  3 oozes
  3 worms (D:2)
  4 dart slugs
  4 leopard geckos (D:1)
  3 giant cockroaches
  A goblin (D:2)
  5 hobgoblins
  4 jackals (D:2)
  4 bats
  3 frilled lizards (D:1)
  6 kobolds
42 creatures vanquished.

Notes
Turn   | Place    | Note
-------+----------+-------------------------------------------
     0 | D:1      | kwel01 the Tengu Air Elementalist began the quest for the Orb.
     0 | D:1      | Reached XP level 1. HP: 10/10 MP: 4/4
   148 | D:1      | Reached XP level 2. HP: 15/15 MP: 0/6
   546 | D:1      | Reached XP level 3. HP: 13/19 MP: 1/7
  1355 | D:2      | Reached skill level 5 in Air Magic
  1677 | D:2      | Noticed Terence
  1682 | D:2      | Learned a level 3 spell: Static Discharge
  1691 | D:2      | Killed Terence
  1691 | D:2      | Reached XP level 4. HP: 16/24 MP: 0/8
  2487 | D:2      | Reached skill level 1 in Polearms
  2773 | D:3      | HP: 1/24 [adder (3)]
  2773 | D:3      | Slain by an adder

Skill      XL: |  1  2  3  4 |
---------------+-------------+-----
Conjurations   | 2 |  2.5
Air Magic      | 5 |  5.3
Polearms       | 1 |  1.0
Fighting       | |  0.4
Dodging        | |  2.6
Stealth        | |  2.4
Spellcasting   | |  2.5

Action                   |  1- 3 |  4- 6 || total
-------------------------+-------+-------++-------
Melee: Unarmed           |    18 |       ||    18
       Peck              |     3 |     2 ||     5
       Kick              |     6 |     4 ||    10
       Spear             |    12 |    33 ||    45
 Cast: Shock             |    62 |    31 ||    93
       Static Discharge  |     1 |     2 ||     3
  Eat: Chunk             |     3 |     3 ||     6
       Beef jerky        |       |     1 ||     1
Armor: Robe              |     6 |     8 ||    14
Dodge: Dodged            |    20 |    26 ||    46
